 Dungeon Sprint DCSS version 0.31-a0-331-geda263fcf1 (webtiles) character file.

Game seed: 15441061033094392961

406 HallandMoats the Nimble (level 6, -5/36 HPs)
             Began as a Felid Monk on July 20, 2023.
             Was a High Priest of Jiyva.
             Slain by a cyan very ugly thing (23 damage)
             ... in the Dungeon (Sprint V: "Ziggurat Sprint").
             The game lasted 00:06:41 (926 turns).

HallandMoats the Nimble (Felid Monk)                 Turns: 926, Time: 00:06:42

Health: -5/36      AC:  2    Str: 15    XL:     6   Next: 56%
Magic:  7/7        EV: 30    Int: 11    God:    Jiyva [*****.]
Gold:   0          SH:  0    Dex: 25    Spells: 5/5 levels left
                                        Lives:  0   Deaths: 2

rFire   . .          .
                       - Unarmed
rCold   . . .        (shield unavailable)
rNeg    + . .        (body armour unavailable)
rPois   .            (helmet unavailable)
rElec   .            (cloak unavailable)
rCorr   +            (gloves unavailable)
SInv    +            (boots unavailable)
Will    +....        v - amulet of regeneration
Stlth   ++           u - +6 ring of dexterity
HPRegen 2.50/turn    x - ring "Ymed" {Fly rN+ Str+6}
MPRegen 0.55/turn

%: no teleportation
@: flying, quick
A: very small, claws 1, fangs 3, see invisible, speed 1, shaggy fur 2, stealthy
paws, no weapons or thrown items, no armour, multi-lived, horns 3, strong-willed
1
a: Renounce Religion, Oozemancy, Slimify


You were in the Dungeon.
You worshipped Jiyva.
Jiyva was extremely pleased with you.
You visited 1 branch

Inventory:

Jewellery
 s - a ring of flight
 t - a +6 ring of dexterity
 u - a +6 ring of dexterity (left paw)
 v - an amulet of regeneration (around neck)
 x - the ring "Ymed" (right paw) {Fly rN+ Str+6}
   (You found it in the Dungeon)

   [ring of strength]

   Str:       It affects your strength (+6).
   rN:        It protects you from negative energy.
   Fly:       It grants you flight.
 y - the ring "Pohoodi" {Fly rC+ Will- Dex+3}
   (You found it in the Dungeon)

   [ring of flight]

   Dex:       It affects your dexterity (+3).
   rC:        It protects you from cold.
   Fly:       It grants you flight.
   Will:      It decreases your willpower.
Talismans
 z - a beast talisman
 A - a blade talisman
 B - a maw talisman
 C - a serpent talisman
 D - a talisman of death
Wands
 k - a wand of roots (9)
 q - a wand of mindburst (7)
 r - a wand of light (10)
 w - a wand of flame (8)
 E - a wand of digging (5)
Scrolls
 g - 4 scrolls of blinking
 m - 4 scrolls of amnesia
 n - 7 scrolls of fog
 o - 5 scrolls of identify
 p - 2 scrolls of fear
Potions
 a - a potion of ambrosia
 b - 9 potions of curing
 c - 10 potions of heal wounds
 d - 2 potions of haste
 e - 7 potions of magic
 f - 3 potions of berserk rage
 h - 2 potions of brilliance
 j - 4 potions of resistance
 l - 5 potions of might
Miscellaneous
 Z - a condenser vane


   Skills:
 + Level 10.6 Fighting
 + Level 11.8 Dodging
 + Level 9.2 Unarmed Combat
 * Level 7.2 Shapeshifting


You had 5 spell levels left.
You didn't know any spells.
Your spell library contained the following spells:

 Spells                   Type           Power      Damage    Failure   Level
 Mephitic Cloud           Conj/Pois/Air  0%         N/A       71%         3
 Volatile Blastmotes      Fire/Tloc      0%         2d10      71%         3
 Olgreb's Toxic Radiance  Pois           0%         N/A       98%         4
 Discord                  Hex            0%         N/A       100%        8
 Ignition                 Fire           0%         3d3       100%        8
 Fire Storm               Conj/Fire      0%         5d1       100%        9


Dungeon Overview and Level Annotations

Branches:
Dungeon (1/1)

Altars:
Ashenzari
Cheibriados
Dithmenos
Elyvilon
Fedhas
Gozag
Hepliaklqana
Kikubaaqudgha
Makhleb
Nemelex Xobeh
Okawaru
Qazlal
Ru
Sif Muna
Trog
Uskayaw
Vehumet
Wu Jian
Xom
Yredelemnul
Zin
The Shining One
Jiyva
Lugonu

Annotations:
D 2 transporters


Innate Abilities, Weirdness & Mutations

You have sharp claws.
You have razor-sharp teeth.
You have supernaturally acute eyesight. (SInv)
You cover ground quickly. (Speed+)
You are covered in thick fur. (AC +2)
Your paws help you pounce on unaware monsters.
You are incapable of wielding weapons or throwing items.
You cannot wear armour.
You gain extra lives every three experience levels.
You have a pair of large horns on your head.
You are strong-willed. (Will+)


Message History

The spriggan rider closely misses you. The wolf completely misses you.
You scratch the wolf.
You headbutt the wolf, but do no damage.
You bite the wolf.
The wolf is severely wounded.
The black bear growls angrily.
The wolf completely misses you.
The spriggan rider hits you from afar with a +0 spear!
The wolf completely misses you.
The spriggan rider completely misses you.
You scratch the wolf.
The wolf is almost dead.
The wolf misses you. The spriggan rider barely misses you. The wolf misses you.
The spriggan druid calls out to the beasts of the wild!
Unknown command.
You claw the wolf!
You kill the wolf!
The wolf completely misses you.
The spriggan rider hits you from afar with a +0 spear!
The spriggan rider hits you from afar with a +0 spear!!
You die...
The spriggan rider completely misses you.
You are now level 6!
You rejoin the land of the living...
You may now expel jellies when seriously injured.
Your Shapeshifting skill increases to level 7!
Found nine items.
Found a transporter.
A white very ugly thing and a cyan very ugly thing come into view.
Unknown command.
Unknown command.
The white very ugly thing gurgles horribly!
You claw the cyan very ugly thing!
Your headbutt misses the cyan very ugly thing.
The cyan very ugly thing is lightly wounded.
The cyan very ugly thing bites you!!
Ouch! That really hurt!
You shudder from the blow and a flood of jellies pours out from you!
The cyan very ugly thing shocks you!!
Ouch! That really hurt!
You die...

▓.........▓.o.....
▓.▓.....▓.▓.▓oo.▓.▓
▓....©....▓..o©...▓
▓▓▓▓▓▓▓▓▓▓▓▓▓▓▓▓▓▓▓
..8©8...▓...8©8...▓
./)[[:..▓..|)|/:..▓
.[[[.=..▓...))[/..▓
.....J..▓h........▓
....u.u@▓.........▓
........▓..hiii...▓
.....JJ.▓...h.h...▓
........▓.▓.i†..▓.▓
▓.....▓.▓....©....▓
...©....▓▓▓▓▓▓▓▓▓▓▓
▓▓▓▓▓▓▓▓▓


You could see 2 very ugly things and 3 friendly azure jellies.

Vanquished Creatures
  A jumping spider (D)
  An ushabti (D)
  A wolf (D)
  2 phantoms (D)
  5 necrophages (D)
  2 scorpions (D)
  An orc wizard (D)
  2 mummies (D)
  An orc (D)
  A bat skeleton (D)
  2 ball python skeletons (D)
  A ball python zombie (D)
  A giant cockroach zombie (D)
  A jackal zombie (D)
  2 quokka zombies (D)
24 creatures vanquished.

Vanquished Creatures (others)
  A bunyip (shapeshifter) (D)
  A deep troll (shapeshifter) (D)
  A steelbarb worm (shapeshifter) (D)
  A culicivora (shapeshifter) (D)
  2 spriggans (shapeshifter) (D)
  A swamp worm (shapeshifter) (D)
  A floating eye (shapeshifter) (D)
  9 jellies (D)
17 creatures vanquished.

Grand Total: 41 creatures vanquished

Notes
Turn   | Place    | Note
-------+----------+-------------------------------------------
     0 | D        | HallandMoats the Felid Monk began the quest for the Orb.
     0 | D        | Reached XP level 1. HP: 10/10 MP: 2/2
     2 | D        | Found a blossoming altar of Fedhas.
     2 | D        | Found the +6 Majin-Bo {spellvamp, MP+6 Int+6}
     2 | D        | Found the +27 heavy crossbow "Sniper" {heavy, Acc+∞ SInv}
     2 | D        | Found the +10 dark maul {heavy}
     2 | D        | Found the +15 Maxwell's patent armour {-Cast -Tele rElec
                  | Will+ rCorr}
     2 | D        | Found the +18 shield of the Gong {Loud rN+ Will+ rCorr
                  | EV-5}
     2 | D        | Found the +16 obsidian axe {drain, demonic, Mesm Drain Fly
                  | SInv}
     2 | D        | Found the +7 great mace "Firestarter" {flame, immolate,
                  | rFlCloud rF++}
     2 | D        | Found the +6 shillelagh "Devastator" {shatter}
     2 | D        | Found the +11 plutonium sword {Contam Stlth-}
     2 | D        | Found the +8 lance "Wyrmbane" {slay drac, rPois rF+ rC+
                  | AC+3}
     2 | D        | Found the +9 sword of Zonguldrok {reap}
     2 | D        | Found the +13 scythe of Curses {drain, curses, Drain}
     2 | D        | Found the +9 sword of Power {lifebolt}
     2 | D        | Found the +7 mace of Variability {chaos, chaos arc}
     2 | D        | Found the +11 Singing Sword {sonic wave}
     2 | D        | Found the +8 storm bow {elec, penet}
     5 | D        | Found a shimmering blue altar of Sif Muna.
     5 | D        | Found a sacrificial altar of Ru.
     5 | D        | Found a bloodstained altar of Trog.
     5 | D        | Found a stormy altar of Qazlal.
     5 | D        | Found an iron altar of Okawaru.
     5 | D        | Found a sparkling altar of Nemelex Xobeh.
     7 | D        | Found a transporter.
     7 | D        | Found an ancient bone altar of Kikubaaqudgha.
     7 | D        | Found a viscous altar of Jiyva.
     7 | D        | Found a corrupted altar of Lugonu.
     7 | D        | Found a hazy altar of Hepliaklqana.
     7 | D        | Found a burning altar of Makhleb.
     7 | D        | Found an opulent altar of Gozag.
    31 | D        | Reached XP level 2. HP: 16/16 MP: 3/3
    37 | D        | Became a worshipper of Jiyva Jiyxuv the Shapeless
    37 | D        | Reached * piety under Jiyva
    37 | D        | Reached ** piety under Jiyva
    39 | D        | Killed a swamp worm
    57 | D        | Killed a deep troll
    60 | D        | Killed a spriggan
    61 | D        | Killed a steelbarb worm
    65 | D        | Killed a culicivora
    77 | D        | Killed a bunyip
   100 | D        | Killed a floating eye
   367 | D        | Killed a spriggan
   432 | D        | Entered arena 2.
   432 | D        | Found a transporter.
   440 | D        | Reached XP level 3. HP: 14/21 MP: 4/4
   447 | D        | Entered arena 3.
   447 | D        | Noticed a scorpion
   447 | D        | Noticed a scorpion
   447 | D        | Noticed a jumping spider
   447 | D        | Found a transporter.
   467 | D        | Killed a scorpion
   468 | D        | Reached skill level 6 in Dodging
   468 | D        | Reached XP level 4. HP: 25/25 MP: 5/5
   471 | D        | Killed a scorpion
   472 | D        | Reached skill level 7 in Dodging
   472 | D        | Reached skill level 5 in Unarmed Combat
   472 | D        | Reached XP level 5. HP: 29/29 MP: 6/6
   473 | D        | Killed a jumping spider
   474 | D        | Reached skill level 9 in Dodging
   474 | D        | Gained mutation: You are covered in thick fur. (AC +2)
                  | [Felid growth]
   474 | D        | Reached XP level 6. HP: 34/34 MP: 7/7
   490 | D        | Entered arena 4.
   490 | D        | Noticed an ushabti
   490 | D        | Found a transporter.
   517 | D        | Killed an ushabti
   518 | D        | Reached skill level 10 in Dodging
   532 | D        | Entered arena 5.
   532 | D        | Noticed a floating eye
   532 | D        | Found a transporter.
   821 | D        | Entered arena 6.
   821 | D        | Noticed a golden eye
   821 | D        | Noticed a floating eye
   821 | D        | Noticed a slime creature
   821 | D        | Reached *** piety under Jiyva
   821 | D        | Gained mutation: You have a pair of small horns on your
                  | head. [Jiyva's grace]
   821 | D        | Gained mutation: You have a pair of horns on your head.
                  | [Jiyva's grace]
   821 | D        | Gained mutation: You have a pair of large horns on your
                  | head. [Jiyva's grace]
   821 | D        | Gained mutation: You are strong-willed. (Will+) [Jiyva's
                  | grace]
   821 | D        | Found a transporter.
   828 | D        | Entered arena 7.
   828 | D        | Found the +8 Wrath of Trog {antimagic, *Rage Rampage}
   829 | D        | Found a transporter.
   840 | D        | Reached skill level 5 in Shapeshifting
   840 | D        | Reached XP level 7. HP: 38/39 MP: 8/8
   848 | D        | Reached skill level 10 in Fighting
   848 | D        | Reached skill level 11 in Dodging
   857 | D        | Got the ring "Ymed" {Fly rN+ Str+6}
   859 | D        | Got the ring "Pohoodi" {Fly rC+ Will- Dex+3}
   863 | D        | Entered arena 8.
   863 | D        | Reached **** piety under Jiyva
   868 | D        | Killed from afar by an orc priest
   869 | D        | Reached XP level 6. HP: -1/36 MP: 7/7
   869 | D        | Found a transporter.
   894 | D        | Reached XP level 7. HP: 38/40 MP: 8/8
   906 | D        | Got the Catalogue of Aerial Embers
   917 | D        | Entered arena 11.
   917 | D        | Noticed a spriggan druid
   917 | D        | Noticed a spriggan rider
   917 | D        | Noticed a spriggan rider
   917 | D        | Noticed a spriggan rider
   920 | D        | Found a transporter.
   925 | D        | Slain by a spriggan rider
   926 | D        | Reached XP level 6. HP: -1/36 MP: 7/7
   926 | D        | Reached ***** piety under Jiyva
   926 | D        | Found a transporter.
   926 | D        | Noticed a white very ugly thing
   926 | D        | Noticed a cyan very ugly thing
   926 | D        | Slain by a cyan very ugly thing

Illustrated notes

Levels and vault maps discovered:
D:        sprint_v [room_start, room_1, room_2, room_3, room_4, room_5, room_6,
          room_7, room_8, room_9, room_10, room_11, room_12, room_13, room_14,
          room_15, room_16, room_17, room_18, room_19, room_20, room_21,
          room_22, room_23, room_24, room_25, room_26, room_27]

Skill      XL: |  1  2  3  4  5  6  7 |
---------------+----------------------+-----
Fighting       | 6 7 9 10 | 10.6
Shapeshifting  | 4 7 |  7.2
Dodging        | 6 7 9 10 11 | 11.8
Unarmed Combat | 4 5 7 9 |  9.2

Action                     |  1- 3 |  4- 6 |  7- 9 || total
---------------------------+-------+-------+-------++-------
  Melee: Unarmed           |    23 |    56 |    21 ||   100
         Bite              |     2 |     4 |     2 ||     8
         Punch             |       |     9 |     3 ||    12
         Headbutt          |       |     6 |     4 ||    10
Ability: Begin Untransform |       |     1 |       ||     1
    Use: Potion            |     2 |     3 |     3 ||     8
   Stab: Sleeping          |     1 |       |       ||     1
         Invisible         |     6 |     2 |       ||     8
 Armour: Skin              |       |     2 |       ||     2
  Dodge: Dodged            |    44 |   102 |    42 ||   188
   Form: Blade             |       |     1 |       ||     1
         Anaconda          |       |     1 |       ||     1
         Beast             |       |     1 |       ||     1
         Maw               |       |     1 |       ||     1

Table legend: (Time is in decaauts)
 A = Elapsed time spent in this place.
 B = Non-inter-level travel time spent in this place.
 C = Inter-level travel time spent in this place.
 D = Time resting spent in this place.
 E = Time spent auto-exploring this place.
 F = Levels seen in this place.
 G = Mean time per level.
                   A        B        C        D        E       F      G
               +--------+--------+--------+--------+--------+-----+--------+
         Total |    849 |    849 |      0 |    568 |      0 |   1 |  849.0 |
       Dungeon |    849 |    849 |      0 |    568 |      0 |   1 |  849.0 |
               +--------+--------+--------+--------+--------+-----+--------+

Top non-repeatable levels by time:
       D: 849 daAuts
